 Dungeon Crawl Stone Soup version 0.24-a0-614-geaf2f25 (webtiles) character file.

Game seed: 1556000121343087215, levelgen mode: deterministic

53 snetch the Insei (level 3, -1/23 HPs)
             Began as an Octopode Transmuter on Sept 12, 2019.
             Slain by a gnoll
             ... wielding a +0 whip
              (6 damage)
             ... on level 2 of the Dungeon.
             The game lasted 00:05:27 (1466 turns).

snetch the Insei (Octopode Transmuter)              Turns: 1466, Time: 00:05:27

Health: -1/23      AC:  5    Str:  9    XL:     3   Next: 89%
Magic:  6/6        EV: 14    Int: 15    God:
Gold:   124        SH:  0    Dex: 13    Spells: 4/7 levels left

rFire    . . .     SeeInvis .     - Unarmed
rCold    . . .     Gourm    .   (no shield)
rNeg     . . .     Faith    .   (helmet restricted)
rPois    .         Spirit   .   (no amulet)
rElec    .         Reflect  .   n - +4 ring of protection
rCorr    .         Harm     .   (no ring)
MR       .....                  (no ring)
Stlth    +++.......             (no ring)
HPRegen  0.07/turn              (no ring)
MPRegen  0.10/turn              (no ring)
                                (no ring)
                                (no ring)

@: no status effects
A: almost no armour, stealthy swim, amphibious, 8 rings, constrict 8, camouflage
1, gelatinous body 1
a: no special abilities


You were on level 2 of the Dungeon.
You were not hungry.

You visited 1 branch of the dungeon, and saw 2 of its levels.

You collected 124 gold pieces.

Inventory:

Hand Weapons
 g - a +1 whip of venom
Missiles
 a - 12 arrows
 e - 59 stones (quivered)
 k - 34 bolts
Jewellery
 n - a +4 ring of protection (left tentacle)
Scrolls
 d - 2 scrolls of teleportation {unknown}
 i - a scroll of enchant weapon {unknown}
 j - a scroll of amnesia {unknown}
 l - 2 scrolls of remove curse {unknown}
 m - 2 scrolls of random uselessness {unknown}
Potions
 b - 2 potions of experience {unknown}
 f - 4 potions of curing {unknown}
Comestibles
 c - 3 rations


   Skills:
 + Level 1.0 Fighting
 + Level 2.6 Dodging
 + Level 1.1 Stealth
 + Level 3.5 Unarmed Combat
 + Level 2.5 Spellcasting
 + Level 2.3 Transmutations


You had 4 spell levels left.
You knew the following spells:

 Your Spells              Type           Power        Failure   Level  Hunger
a - Beastly Appendage     Tmut           #.....       9%          1    #......
b - Sticks to Snakes      Tmut           #.......     12%         2    ###....

Your spell library contained the following spells:

 Spells                   Type           Power        Failure   Level  Hunger
 Spider Form              Tmut/Pois      #.........   36%         3    ###....
 Ice Form                 Ice/Tmut       #.......     78%         4    #####..
 Blade Hands              Tmut           #.........   92%         5    ######.


Dungeon Overview and Level Annotations

Branches:
Dungeon (2/15)

Altars:


Innate Abilities, Weirdness & Mutations

You cannot wear most types of armour.
You are very stealthy in the water. (Stealth+)
You are amphibious.
You can wear up to eight rings at the same time.
You can use your tentacles to constrict eight enemies at once.
Your skin changes colour to match your surroundings (Stealth+).
Your rubbery body absorbs attacks. (AC +1, EV +1)


Message History

You constrict the gnoll. The gnoll hits you with a +0 whip!
* * * LOW HITPOINT WARNING * * *
The gnoll misses you.
Some of the chunks of flesh in your inventory have rotted away.
You release your grip on the gnoll.
Your tentacle spike disappears.
Your magical contamination has completely faded away.
You open the door. The gnoll hits you with a +0 whip.
* * * LOW HITPOINT WARNING * * *
The gnoll closely misses you.
There is an open door here.
The gnoll shouts!
The gnoll hits you from afar with a +0 halberd.
* * * LOW HITPOINT WARNING * * *
The gnoll completely misses you.
There is a large open door here.
All of the chunks of flesh in your inventory have rotted away.
There is a stone staircase leading up here.
The gnoll hits you with a +0 whip.
You die...

###...###
#...'.#
#..g#.#
###.#.#
#g#.#
#.#.########
#.#.........
#.#########.
#.##.g..g@#
#..g.###.)#
###### #..#
#..# ####


You could see 3 gnolls.

Vanquished Creatures
  2 adders (D:2)
  3 worms (D:2)
  A dart slug (D:1)
  A leopard gecko (D:2)
  5 bats
  A giant cockroach (D:1)
  2 goblins
  2 hobgoblins (D:1)
  4 kobolds
  A ball python (D:2)
  A frilled lizard (D:2)
  3 rats
26 creatures vanquished.

Notes
Turn   | Place    | Note
-------+----------+-------------------------------------------
     0 | D:1      | snetch the Octopode Transmuter began the quest for the Orb.
     0 | D:1      | Reached XP level 1. HP: 13/13 MP: 3/3
   462 | D:1      | Reached XP level 2. HP: 18/18 MP: 5/5
   521 | D:2      | Learned a level 2 spell: Sticks to Snakes
  1004 | D:2      | Reached skill level 1 in Stealth
  1010 | D:2      | Reached XP level 3. HP: 14/23 MP: 6/6
  1466 | D:2      | Slain by a gnoll

Levels and vault maps discovered:
D:1:      evilmike_arrival_crescent, layout_loops_ring,
          chequers_serial_rivers_small_a, minmay_pentomino_v4
D:2:      layout_basic

Skill      XL: |  1  2 |
---------------+-------+-----
Stealth        | 1 |  1.1
Fighting       | |  1.0
Dodging        | |  2.6
Unarmed Combat | |  3.5
Spellcasting   | |  2.5
Transmutations | |  2.3

Action                   || total
-------------------------++-------
Melee: Unarmed           ||    75
       Constrict         ||    20
       Tentacles         ||    14
       Kick              ||     6
       Punch             ||     2
 Cast: Beastly Appendage ||     5
 Stab: Sleeping          ||     2
  Eat: Chunk             ||     2
Armor: Skin              ||    12
Dodge: Dodged            ||    71

Table legend:
 A = Non-vault XP
 B = Vault XP
 C = Vault XP percentage of total XP
 D = Non-vault monster count
 E = Vault monster count
 F = Vault count percentage of total count
                 A         B        C        D         E       F
            +---------+---------+-------+---------+---------+-------
      Total |      71 |       6 |   7.8 |      23 |       3 |  11.5
            +---------+---------+-------+---------+---------+-------
        D:1 |      14 |       6 |  30.0 |       8 |       3 |  27.3
        D:2 |      57 |       0 |   0.0 |      15 |       0 |   0.0
            +---------+---------+-------+---------+---------+-------
